 Dungeon Crawl Stone Soup version 0.32-a0-314-g526f7d4993 (webtiles) character file.

Game seed: 12088120936474159359

8970 Hexagram2814 the Protected (level 11, -14/145 HPs)
             Began as a Minotaur Berserker on Feb 15, 2024.
             Was a High Priest of Trog.
             Demolished by an orc knight
             ... wielding a +1 battleaxe of pain
              (16 damage)
             ... on level 10 of the Dungeon.
             The game lasted 00:31:13 (14362 turns).

Hexagram2814 the Protected (Minotaur Berserker)    Turns: 14362, Time: 00:31:14

Health: -14/145    AC: 22    Str: 26    XL:     11   Next: 16%
Magic:  3/3        EV:  8    Int:  4    God:    Trog [*****.]
Gold:   352        SH:  0    Dex:  5    Spells: 10/10 levels left

rFire   + + +        S - +6 morningstar of Domovach {antimagic, rElec rF+++ rC++ Dex-5}
rCold   + + .        L - orb {mayhem}
rNeg    . . .        p - +3 plate armour
rPois   .            (helmet restricted)
rElec   +            D - +0 cloak
rCorr   .            M - +1 pair of gloves
SInv    .            (no boots)
Will    .....        (no amulet) Stlth
                     (no ring)
HPRegen 0.44/turn    (no ring)
MPRegen 0.08/turn

%: mayhem
@: berserking, very quick
A: horns 2, retaliatory headbutt
a: Renounce Religion, Berserk, Trog's Hand, Brothers in Arms


You were on level 10 of the Dungeon.
You worshipped Trog.
Trog was extremely pleased with you.
You visited 1 branch of the dungeon, and saw 10 of its levels.
You also visited: Sewer.

You collected 571 gold pieces.
You spent 219 gold pieces at shops.

Inventory:

Hand Weapons
 a - a +0 hand axe
 r - a +2 mace of draining
 t - a +0 dagger of draining
 B - a +2 trident of draining
 E - a +0 great sword
 G - a +1 dagger of venom
 H - a +2 short sword of protection
 I - the +10 mace of Gehenna {protect, Str+2 Dex+3}
   (You found it on level 6 of the Dungeon)

   Str+2:     It affects your strength (+2).
   Dex+3:     It affects your dexterity (+3).
 N - a +3 halberd
 Q - a +1 flail of protection
 S - the +6 morningstar of Domovach (weapon) {antimagic, rElec rF+++ rC++ Dex-5}
   (Trog gifted it to you on level 10 of the Dungeon)

   Dex-5:     It affects your dexterity (-5).
   rF+++:     It renders you almost immune to fire.
   rC++:      It greatly protects you from cold.
   rElec:     It insulates you from electricity.
Armour
 b - a +0 animal skin
 h - a +0 scale mail
 p - a +3 plate armour (worn)
 s - the +4 robe of Folly {Brill Will-∞ Int+8}
   (You found it on level 4 of the Dungeon)

   Brill:     It increases the power of your magical spells and halves their MP
   cost (rounding up).
   Will-∞: It reduces your willpower to zero.
   Int+8:     It affects your intelligence (+8).
 u - a +0 pair of gloves of stealth
 D - a +0 cloak (worn)
 L - an orb of mayhem (worn)
 M - a +1 pair of gloves (worn)
Jewellery
 k - a +4 ring of protection
 y - a ring of ice
Talismans
 f - a flux talisman
 g - a maw talisman
 v - a serpent talisman
Wands
 A - a wand of polymorph (16)
 P - a wand of mindburst (10)
Scrolls
 d - 2 scrolls of immolation
 e - 8 scrolls of teleportation
 j - a scroll of noise
 o - a scroll of fog
 q - a scroll of poison
 x - a scroll of fear
 z - a scroll of brand weapon
 C - 3 scrolls of enchant weapon
 F - 3 scrolls of silence
 J - a scroll of vulnerability
Potions
 c - 6 potions of brilliance
 i - 2 potions of magic
 l - 4 potions of haste
 m - 3 potions of heal wounds
 n - 2 potions of enlightenment
 w - 3 potions of lignification
 K - a potion of might
 O - a potion of curing
 R - a potion of attraction


   Skills:
 + Level 9.3 Fighting
 + Level 10.6(12.3) Axes
 + Level 10.1(12.1) Maces & Flails
 + Level 11.7 Armour
 + Level 4.5 Dodging
 + Level 1.7 Stealth
 + Level 1.6 Unarmed Combat


You had 10 spell levels left.
You didn't know any spells.
Your spell library was empty.

Dungeon Overview and Level Annotations

Branches:
Dungeon (10/15)            Temple (0/1) D:4            Lair (0/5) D:8
  Sewer (visited)
    Orc: D:9-12

Altars:
Ashenzari
Cheibriados
Dithmenos
Elyvilon
Fedhas
Gozag
Hepliaklqana
Kikubaaqudgha
Makhleb
Nemelex Xobeh
Okawaru
Qazlal
Sif Muna
Trog
Uskayaw
Vehumet
Wu Jian
Xom
Yredelemnul
Zin
The Shining One

Shops:
D:2 *   D:8 *   D:9 =

Annotations:
D:8 3 runed translucent doors


Innate Abilities, Weirdness & Mutations

You have a pair of horns on your head.
You reflexively headbutt those who attack you in melee.


Message History

* * * LOW HITPOINT WARNING * * *
The orc hits you but does no damage.
You closely miss the orc knight.
The orc knight is heavily wounded.
The orc knight hits you but does no damage.
You writhe in agony.
* * * LOW HITPOINT WARNING * * *
The orc hits you with a +0 flail.
* * * LOW HITPOINT WARNING * * *
A red film seems to cover your vision as you go berserk!
You feel yourself moving faster!
You feel mighty!
The orc knight hits you with a +1 battleaxe of pain!
* * * LOW HITPOINT WARNING * * *
You writhe in agony.
* * * LOW HITPOINT WARNING * * *
The orc hits you with a +0 flail!
* * * LOW HITPOINT WARNING * * *
You closely miss the orc knight.
The orc knight is heavily wounded.
The orc hits you but does no damage.
The orc knight hits you but does no damage.
You writhe in agony.
* * * LOW HITPOINT WARNING * * *
You puncture the orc knight!
The orc knight is heavily wounded.
You hit the orc knight.
The orc knight is heavily wounded.
The orc knight hits you with a +1 battleaxe of pain!
* * * LOW HITPOINT WARNING * * *
You writhe in agony.
* * * LOW HITPOINT WARNING * * *
The orc closely misses you.
Okay, then.
You are too berserk!
You closely miss the orc knight.
The orc knight is heavily wounded.
You sock the orc knight!
The orc knight is severely wounded.
The orc knight hits you with a +1 battleaxe of pain!
You die...

...........##........###.#..###
.(.............<.)..~~~≈~~~~~>##
...#.......................≈≈≈≈##
.....#####################.~≈≈≈≈≈
.....# .....##.#.~≈≈≈≈≈ .....#
####...#.#.~≈≈≈≈≈ ...#.# # #
##).##..#.#.~≈≈≈≈≈ ...#.#
....#.#o..)#.##.#.≈≈≈≈≈≈ ####.#
....'.o@)##.##..#.~~~≈≈≈ #.#
....#.#.##.#.)..#...~≈≈≈ ####.#
#. # #.#..##..##.~.~≈≈≈ ...#.#
#.#...#####.~.~~~~ ...#.#
#.##......#.~..... ≈..#.#
#####.#####.~~~~~~ §.##.#
#.........#.≈≈≈≈~≈ ≈.##.#
#.#.#.#.#.#.~≈≈~≈~ ≈.##.#
#..#.#.#..#.~~~≈.<


You could see an orc knight and an orc (strong).

Vanquished Creatures
  A two-headed ogre (D:10)
  The ghost of Pokonic1 the Fighter, a novice GrFi of Beogh (D:7)
  2 cyclopes
  Jeremiah (D:9)
  2 wyverns
  A shadow (D:10)
  Sigmund (D:5)
  2 wraiths
  4 yaks (D:8)
  Menkaure (D:6)
  A steam dragon (D:8)
  An acid dragon (D:10)
  5 orc warriors
  Pargi (Sewer)
  A sky beast (D:7)
  2 ice beasts
  3 black bears
  3 ogres
  3 centaurs
  2 phantoms (D:5)
  5 scorpions
  3 bullfrogs
  A gnoll sergeant (D:10)
  6 wights
  12 killer bees
  A vampire bat (D:3)
  3 electric eels (D:10)
  A howler monkey (D:10)
  2 bombardier beetles (D:5)
  2 gnoll boudas
  3 hounds
  5 jellies
  4 orc priests
  5 iguanas
  2 sleepcaps (D:5)
  12 orc wizards
  14 gnolls
  7 adders
  2 shadow imps
  2 ufetubi (D:6)
  2 ribbon worms
  4 dart slugs
  3 fire bats (D:3)
  42 orcs
  2 spectral bats (D:3)
  6 ball pythons
  3 bat skeletons (D:3)
  A bat zombie (D:3)
  9 endoplasms
  A giant cockroach (D:2)
  9 goblins
  5 hobgoblins
  7 jackals
  4 kobolds
  A quokka (D:5)
  13 bats
  A bat simulacrum (D:3)
  A frilled lizard (D:1)
  5 rats
249 creatures vanquished.

Vanquished Creatures (collateral kills)
  A wight (D:9)
  2 killer bees (D:10)
  2 gnolls
5 creatures vanquished.

Vanquished Creatures (others)
  An orc warrior (D:10)
  A killer bee (D:10)
  2 orcs
4 creatures vanquished.

Grand Total: 258 creatures vanquished

Notes
Turn   | Place    | Note
-------+----------+-------------------------------------------
     0 | D:1      | Hexagram2814 the Minotaur Berserker began the quest for the
                  | Orb.
     0 | D:1      | Reached XP level 1. HP: 19/19 MP: 0/0
    62 | D:1      | Reached XP level 2. HP: 10/27 MP: 1/1
   370 | D:1      | Reached XP level 3. HP: 33/33 MP: 2/2
  1179 | D:2      | Found Vaneil's General Store.
  1198 | D:2      | Bought a scroll of noise for 11 gold pieces
  1198 | D:2      | Bought a scroll of teleportation for 33 gold pieces
  1280 | D:2      | Reached XP level 4. HP: 41/41 MP: 3/3
  1407 | D:2      | Reached ** piety under Trog
  1425 | D:2      | Reached skill level 3 in Armour
  1785 | D:2      | Reached skill level 5 in Axes
  2114 | D:3      | Reached XP level 5. HP: 46/47 MP: 4/4
  2363 | D:3      | Found a radiant altar of Vehumet.
  2393 | D:3      | Found a stormy altar of Qazlal.
  2962 | D:3      | Found a sparkling altar of Nemelex Xobeh.
  3042 | D:3      | Reached skill level 4 in Armour
  3066 | D:3      | Reached XP level 6. HP: 46/55 MP: 5/5
  3197 | D:3      | Found a faded altar of an unknown god.
  3455 | D:4      | Reached skill level 5 in Fighting
  3572 | D:4      | Reached *** piety under Trog
  3575 | D:4      | Found the +4 robe of Folly {Brill Will-∞ Int+8}
  3576 | D:4      | Found a glowing drain.
  3606 | Sewer    | Entered a sewer
  3670 | Sewer    | Noticed Pargi
  3678 | Sewer    | Killed Pargi
  3679 | Sewer    | Reached skill level 5 in Armour
  3679 | Sewer    | Reached XP level 7. HP: 61/61 MP: 6/6
  3829 | D:4      | Found a staircase to the Ecumenical Temple.
  3917 | D:4      | Found a hide-covered altar of Uskayaw.
  3922 | D:4      | Found a bloodstained altar of Trog.
  4024 | D:4      | Found a shimmering altar of Xom.
  4371 | D:5      | Entered Level 5 of the Dungeon
  4743 | D:5      | Reached skill level 6 in Armour
  4781 | D:5      | Reached XP level 8. HP: 70/70 MP: 7/7
  5266 | D:5      | Reached **** piety under Trog
  5453 | D:5      | Noticed Sigmund
  5463 | D:5      | Killed Sigmund
  5464 | D:5      | Reached skill level 7 in Armour
  5547 | D:5      | Found a blossoming altar of Fedhas.
  6197 | D:5      | Reached skill level 8 in Armour
  6197 | D:5      | Reached XP level 9. HP: 65/78 MP: 8/8
  6309 | D:6      | Reached skill level 1 in Unarmed Combat
  6332 | D:6      | Reached skill level 10 in Axes
  6451 | D:6      | Identified the +10 mace of Gehenna {protect, Str+2 Dex+3}
  6840 | D:6      | Found an iron altar of Okawaru.
  6851 | D:6      | Reached skill level 1 in Stealth
  6931 | D:6      | Reached skill level 1 in Maces & Flails
  7040 | D:6      | Noticed Menkaure
  7046 | D:6      | Killed Menkaure
  7047 | D:6      | Reached skill level 9 in Armour
 10464 | D:7      | Found an ornate altar of the Wu Jian Council.
 10494 | D:7      | Found a broken altar of Ashenzari.
 10513 | D:7      | Found a runed translucent door.
 10513 | D:7      | Noticed Pokonic1's ghost (novice GrFi)
 10542 | D:7      | Killed Pokonic1's ghost
 10544 | D:7      | Reached skill level 5 in Maces & Flails
 10544 | D:7      | Reached XP level 10. HP: 88/88 MP: 9/9
 10619 | D:7      | Found a burning altar of Makhleb.
 10635 | D:7      | Reached skill level 10 in Armour
 10709 | D:7      | Found an ancient bone altar of Kikubaaqudgha.
 10756 | D:7      | Found an opulent altar of Gozag.
 10834 | D:7      | Found a shadowy altar of Dithmenos.
 10982 | D:7      | Found a white marble altar of Elyvilon.
 11361 | D:8      | Noticed a rust devil
 11361 | D:8      | Noticed a rust devil
 11505 | D:8      | Found Womefeywk's General Store.
 11527 | D:8      | Bought a scroll of identify for 26 gold pieces
 11527 | D:8      | Bought a scroll of silence for 123 gold pieces
 11527 | D:8      | Bought a scroll of identify for 26 gold pieces
 11552 | D:8      | Found a snail-covered altar of Cheibriados.
 11679 | D:8      | Reached ***** piety under Trog
 11911 | D:8      | Found a hazy altar of Hepliaklqana.
 11928 | D:8      | Found a staircase to the Lair.
 11965 | D:8      | Found a runed translucent gate.
 12011 | D:8      | Found a runed translucent gate.
 12011 | D:8      | Found a runed translucent gate.
 12399 | D:9      | Noticed Jeremiah
 12427 | D:9      | Killed Jeremiah
 12460 | D:9      | Reached skill level 11 in Armour
 12660 | D:9      | Noticed a cyclops
 12665 | D:9      | Killed a cyclops
 13012 | D:9      | Found Siumi's Jewellery Emporium.
 13145 | D:10     | Entered Level 10 of the Dungeon
 13264 | D:10     | Noticed a two-headed ogre
 13271 | D:10     | Killed a two-headed ogre
 13337 | D:10     | Found a shimmering blue altar of Sif Muna.
 13396 | D:10     | Reached XP level 11. HP: 56/97 MP: 10/10
 14027 | D:10     | Found a basalt altar of Yredelemnul.
 14029 | D:10     | Noticed a profane servitor
 14038 | D:10     | Found a glowing golden altar of the Shining One.
 14150 | D:10     | Found a glowing silver altar of Zin.
 14227 | D:10     | Identified the +6 morningstar of Domovach {antimagic, rElec
                  | rF+++ rC++ Dex-5} (Trog gifted it to you on level 10 of the
                  | Dungeon)
 14227 | D:10     | Received a gift from Trog
 14228 | D:10     | Reached skill level 10 in Maces & Flails
 14340 | D:10     | Noticed an orc knight
 14360 | D:10     | HP: 6/145 [orc knight/+1 battleaxe of pain (7)]
 14360 | D:10     | HP: 2/145 [orc knight/+1 battleaxe of pain (4)]
 14362 | D:10     | Demolished by an orc knight

Illustrated notes

Levels and vault maps discovered:
D:1:      tarquinn_simple_flora_water_b, layout_loops_corners,
          kennysheep_decorative_pillar, minmay_fountain_box,
          chequers_serial_rivers_small_b, dk_noncrumbling_2
D:2:      layout_basic, serial_shops, shop_coins
D:3:      layout_basic, mainiacjoe_overflow_cross_hatched, nemelex_altar_shiori,
          mainiacjoe_overflow_catwalk,
          dreamdust_ecumenical_altar_hidden_monk_grotto, skrybe_limestone_x,
          goddamned_bats
D:4:      layout_basic, nicolae_overflow_hidden_temple,
          minmay_temple_entry_hall, cheibrodos_sewer_entry_drain
D:5:      minmay_thinvault, layout_basic, fedhas_altar_4, uniq_sigmund
D:6:      layout_loops_ring, okawaru_trees_2, grunt_decor_junction,
          uniq_menkaure
D:7:      layout_cave_pools, lemuel_crystal_altar, lemuel_round_altar,
          mainiacjoe_overflow_small_starburst, nicolae_overflow_crystal_walls,
          ashenzari_conservatory_becter,
          mainiacjoe_overflow_concentric_impassable, nzn_wu_jian_contemplation,
          serial_column_ruins, column_ruins_courtyard_long_water,
          column_ruins_open_small, column_ruins_grid_1,
          column_ruins_corridor_corner, column_ruins_grid_1,
          column_ruins_grid_3, column_ruins_open_tiny, gammafunk_ghost_grave,
          chequers_jeans, eino_jars
D:8:      cheibrodos_iron_armory, layout_basic, old_standard_altar,
          kennysheep_slug_shrine, dpeg_oklobed_lair, serial_shops,
          nicolae_shop_tiny_waterfront
D:9:      nicolae_cairo_tiling, layout_irregular_city, serial_shops, shop,
          uniq_jeremiah
D:10:     minmay_the_grid_3x2 [minmay_the_grid_fan, minmay_the_grid_gridbox,
          minmay_the_grid_holed_spiral, minmay_the_grid_armoury,
          minmay_the_grid_diamond_grid, minmay_the_grid_prize_big_room],
          layout_basic, grunt_temple_overflow_holy_war,
          nicolae_sif_muna_condensation, zin_statuary

Skill      XL: |  1  2  3  4  5  6  7  8  9 10 11 |
---------------+----------------------------------+-----
Fighting       | 4 5 6 8 9 |  9.3
Axes           | 4 5 6 8 9 10 | 10.6
Armour         | 3 4 5 6 8 9 11 | 11.7
Dodging        | 3 4 |  4.5
Unarmed Combat | 1 |  1.6
Stealth        | 1 |  1.7
Maces & Flails | 5 9 10 | 10.1

Action                     |  1- 3 |  4- 6 |  7- 9 | 10-12 || total
---------------------------+-------+-------+-------+-------++-------
  Melee: Hand axe          |    44 |   127 |   220 |       ||   391
         Headbutt          |    10 |    29 |    47 |    29 ||   115
         Unarmed           |       |       |     7 |       ||     7
         Mace              |       |       |    77 |   204 ||   281
         Morningstar       |       |       |       |    29 ||    29
 Invoke: Berserk           |       |     2 |     3 |     1 ||     6
    Use: Scroll            |       |       |    15 |     3 ||    18
         Potion            |       |       |     6 |       ||     6
   Stab: Sleeping          |     1 |       |       |       ||     1
 Armour: Animal skin       |     9 |       |       |       ||     9
         Scale mail        |     4 |   136 |       |       ||   140
         Plate armour      |       |       |   255 |   304 ||   559
  Dodge: Dodged            |    24 |   114 |   139 |   132 ||   409

Table legend: (Time is in decaauts)
 A = Elapsed time spent in this place.
 B = Non-inter-level travel time spent in this place.
 C = Inter-level travel time spent in this place.
 D = Time resting spent in this place.
 E = Time spent auto-exploring this place.
 F = Levels seen in this place.
 G = Mean time per level.
                   A        B        C        D        E       F      G
               +--------+--------+--------+--------+--------+-----+--------+
         Total |  14407 |  14152 |    255 |   5628 |   6341 |  11 | 1309.7 |
       Dungeon |  14260 |  14005 |    255 |   5628 |   6272 |  10 | 1426.0 |
         Sewer |    147 |    147 |      0 |      0 |     68 |   1 |  147.0 |
               +--------+--------+--------+--------+--------+-----+--------+

Top non-repeatable levels by time:
     D:6: 3388 daAuts
     D:5: 1913 daAuts
     D:7: 1431 daAuts
     D:3: 1317 daAuts
    D:10: 1206 daAuts
     D:1: 1122 daAuts
     D:9: 1076 daAuts
     D:2: 996 daAuts
     D:8: 972 daAuts
     D:4: 833 daAuts
   Sewer: 147 daAuts
